 Dungeon Crawl Stone Soup version 0.22-a0-247-gbddf880 (webtiles) character file.

89638 Amnesiac the Fetichist (level 15, -22/94 HPs)
             Began as a Deep Elf Artificer on Feb 24, 2018.
             Was an Initiate of Gozag.
             Killed from afar by a fire dragon (36 damage)
             ... with a blast of flame
             ... on level 1 of the Depths.
             The game lasted 02:08:02 (28631 turns).

Amnesiac the Fetichist (Deep Elf Artificer)        Turns: 28631, Time: 02:08:02

Health: -22/94     AC: 29    Str: 23    XL:     15   Next: 49%
Magic:  0/30       EV: 18    Int: 13    God:    Gozag
Gold:   3594       SH: 11    Dex: 15    Spells: 18/32 levels left

rFire    . . .     SeeInvis .   v - +4 dagger (elec)
rCold    . . .     Gourm    .   Z - +0 shield
rNeg     + + +     Faith    .   h - +6 faerie dragon scales {rPois rCorr Slay+2 Stlth+}
rPois    +         Spirit   +   t - +2 helmet
rElec    .         Reflect  .   g - +0 cloak
rCorr    +         Harm     .   W - +0 pair of gloves "Ysuvimod" {Str+5}
MR       +....                  V - +2 pair of boots of the Armoured One {Regen+}
Stlth    +++.......             X - amulet "Uluepuc" {Spirit rN+++ Str+4 Int-5}
HPRegen  0.65/turn              c - +5 ring of slaying
MPRegen  0.22/turn              m - +4 ring of protection

@: gold aura
A: no striking features
a: Potion Petition, Call Merchant, Bribe Branch, Renounce Religion


You were on level 1 of the Depths.
You worshipped Gozag.
Gozag was most pleased with you.
You were not hungry.

You visited 3 branches of the dungeon, and saw 18 of its levels.
You also visited: Ice Cave.

You collected 8963 gold pieces.
You spent 5304 gold pieces at shops.
You paid 65 gold pieces to Gozag.

Inventory:

Hand Weapons
 a - a +4 quick blade
 b - a +0 blowgun
 v - a +4 dagger of electrocution (weapon)
Missiles
 i - 546 stones (quivered)
 y - 11 curare-tipped needles
 B - 99 poisoned needles
 H - 4 throwing nets
Armour
 g - a +0 cloak (worn)
 h - the +6 faerie dragon scales (worn) {rPois rCorr Slay+2 Stlth+}
   (You took it off the Enchantress on level 15 of the Dungeon)

   It affects your accuracy and damage with ranged weapons and melee attacks
   (+2).
   It protects you from poison.
   It protects you from acid and corrosion.
   It makes you more stealthy.
 t - a +2 helmet (worn)
 G - the +10 plate armour of the Clam {+Blink rN+ Str+3}
   (You bought it in a shop on level 2 of the Orcish Mines)

   It affects your strength (+3).
   It protects you from negative energy.
   It lets you blink.
 V - the +2 pair of boots of the Armoured One (worn) {Regen+}
   (You bought it in a shop on level 2 of the Orcish Mines)

   It increases your rate of regeneration.
 W - the +0 pair of gloves "Ysuvimod" (worn) {Str+5}
   (You bought it in a shop on level 2 of the Orcish Mines)

   It affects your strength (+5).
 Z - a +0 shield (worn)
Magical Staves
 M - an uncursed staff of poison
Jewellery
 c - a +5 ring of slaying (left hand)
 m - a +4 ring of protection (right hand)
 r - the ring of Menutessi {MR+ Str+2 SInv}
   (You found it on level 4 of the Dungeon)

   [ring of see invisible]

   It affects your strength (+2).
   It affects your resistance to hostile enchantments.
   It lets you see invisible.
 K - an uncursed ring of magical power
 L - an uncursed ring of resist corrosion
 Q - an uncursed ring of flight
 S - an uncursed ring of fire
 X - the amulet "Uluepuc" (around neck) {Spirit rN+++ Str+4 Int-5}
   (You bought it in a shop on level 2 of the Orcish Mines)

   [amulet of guardian spirit]

   It causes incoming damage to be split between your health and magic.
   It affects your strength (+4).
   It affects your intelligence (-5).
   It renders you almost immune to negative energy.
Wands
 d - a wand of enslavement (4)
 f - a wand of acid (21)
 k - a wand of disintegration (8)
 w - a wand of digging (2)
 D - a wand of flame (62)
 J - a wand of polymorph (21)
 P - a wand of paralysis (12)
Scrolls
 e - 3 scrolls of identify {!r}
 j - 2 scrolls of fog {!r}
 l - 9 scrolls of amnesia {!r}
 o - 4 scrolls of remove curse {!r}
 q - 6 scrolls of teleportation {!r}
 R - a scroll of magic mapping {!r}
 T - 2 scrolls of blinking {!r}
 U - a scroll of fear {!r}
Potions
 n - a potion of magic {!q}
 p - a potion of heal wounds {!q}
 s - 2 potions of haste {!q}
 u - a potion of curing {!q}
 E - 3 potions of mutation {!q}
 F - a potion of agility {!q}
 N - 3 potions of might {!q}
 O - 2 potions of berserk rage {!q}
Miscellaneous
 C - a crystal ball of energy
 Y - a fan of gales (inert)
Comestibles
 I - 15 rations


   Skills:
 - Level 11.0 Fighting
 + Level 3.4 Short Blades
 - Level 11.0 Armour
 - Level 11.0 Dodging
 - Level 3.0 Stealth
 - Level 8.0 Shields
 - Level 9.0 Spellcasting
 - Level 16.1 Evocations


You had 18 spell levels left.
You knew the following spells:

 Your Spells              Type           Power        Failure   Level  Hunger
a - Poisonous Vapours     Pois/Air       #.....       47%         2    None
b - Summon Small Mammal   Summ           #...         34%         1    None
c - Apportation           Tloc           #.....       34%         1    None
e - Mephitic Cloud        Conj/Pois/Air  #.......     71%         3    ##.....
r - Regeneration          Chrm/Necr      #.........   71%         3    ##.....
s - Conjure Flame         Conj/Fire      #.......     71%         3    ##.....
z - Confusing Touch       Hex            #.....       34%         1    None


Dungeon Overview and Level Annotations

Branches:
Dungeon (15/15)            Temple (0/1) D:7            Lair (0/6) D:11
    Orc (2/2) D:10            Elf (0/3) Orc:2        Vaults (0/5) D:13
 Depths (1/5) D:15

Altars:
Dithmenos
Gozag
Kikubaaqudgha
Makhleb
Sif Muna
Vehumet
Yredelemnul
The Shining One

Shops:
D:5 *   D:10 ?   D:14 %   D:15 %   Orc:2 *=[}

Portals:
Hell: Depths:1


Message History

The ice dragon is almost dead.
The ice dragon closely misses you. The ice dragon barely misses you.
The ice dragon tramples you but does no damage.
A two-headed ogre comes into view. It is wielding two giant clubs.
Evoke which item? (* to show all) (? for menu, Esc to quit)
Aiming: Corrosive Bolt
Press: ? - help, Shift-Dir - straight line, f/p - ice dragon
Aim: an ice dragon (almost dead)
The bolt of acid hits the ice dragon.
The ice dragon is splashed with acid.
You kill the ice dragon!
The bolt of acid hits the ogre mage.
The ogre mage is splashed with acid.
The ogre mage is heavily wounded.
The ogre mage gestures at you while chanting.
The bolt of lightning misses you.
Evoke which item? (* to show all) (? for menu, Esc to quit)
Aiming: Enslavement
Press: ? - help, Shift-Dir - straight line, f - ogre mage
Aim: an ogre mage, wielding a whip and wearing a robe (heavily wounded, chance to defeat MR: 31%)
The ogre mage easily resists.
The ice dragon breathes frost at you. The blast of cold misses you.
Casting: Mephitic Cloud (very dangerous; 71% risk of failure)
Confirm with . or Enter, or press ? or * to list all spells.
The spell is very dangerous to cast (71% risk of failure)!
Continue anyway?
Okay, then.
Unknown command.
Okay, then.
Search for what [Enter for "relec", or ? for help]? blink Unknown command.
Unknown command.
Evoke which item? (* to show all) (? for menu, Esc to quit)
Okay, then.
Unknown command.
Unknown command.
Unknown command.
Unknown command.
Unknown command.
Unknown command.
Unknown command.
Unknown command.
Things that are here:
31 gold pieces; a glowing scale mail; a great sword of flaming The ogre mage gestures at you while chanting.
You easily resist.
Items here: $ ) [[ 17 gold pieces; a buckler; a ring mail; a war axe of freezing
Items here: $ (( ) a large rock; 16 gold pieces; 19 arrows; a shortbow The two-headed ogre is distracted by the nearby gold.
You see here 3 arrows.
The ogre mage points at you and mumbles some strange words.
The bolt of lightning hits you!
* * * LOW HITPOINT WARNING * * *
The ice dragon breathes frost at you. The blast of cold hits you!
* * * LOW HITPOINT WARNING * * *
The two-headed ogre shouts in stereo!
You hear a shout!
There is a staircase back to the Dungeon, spattered with blood here.
Things that are here:
3 large rocks; 6 arrows The fire dragon breathes flames at you.
The blast of flame hits you!
You die...
Your body crumbles into a pile of gold.

#............... #
#............... #.
##...............
#..##(......[........
###....∩.....(.$.......
#.......(...DD.O....$..
#...####.((($O.........
# ##(.(((($......#.
#(.@($($...$..>..
.....(.$.$...........
...(..###............
###... #............
###. #.....###.... ##
.......# .. ..###...#
..# #...


You could see a fire dragon, an ice dragon, a two-headed ogre and an ogre mage.

Vanquished Creatures
  Bai Suzhen (D:15)
  the Enchantress (D:15)
  Agnes (D:14)
  A tengu reaver (Depths:1)
  An emperor scorpion (shapeshifter) (D:15)
  3 spriggan defenders (D:15)
  A stone giant (D:15)
  A fire dragon (D:15)
  2 ice dragons
  4 vault guards
  A hydra (D:14)
  2 spriggan air magi
  A centaur warrior (D:15)
  19 two-headed ogres
  2 death knights
  2 ogre magi (Orc:2)
  9 death yaks
  2 tengu warriors
  An orc high priest (Orc:2)
  Sonja (D:11)
  2 deep trolls (Orc:2)
  A skeletal warrior (D:15)
  An unseen horror (shapeshifter) (D:13)
  2 unseen horrors
  A glowing orange brain (D:15)
  A swamp dragon (D:8)
  4 deep elf magi
  An orc knight (Orc:1)
  8 ugly things
  A phantasmal warrior (D:15)
  An orc sorcerer (Orc:1)
  7 cyclopes
  A manticore (D:12)
  Maurice (D:8)
  3 centaur zombies
  2 ice statues (IceCv)
  2 gargoyles
  2 kobold demonologists (D:11)
  2 rime drakes (IceCv)
  2 tengu conjurers
  14 trolls
  A polar bear (shapeshifter) (D:14)
  A merfolk (D:11)
  A meliai (shapeshifter) (D:15)
  A hornet (D:14)
  3 dream sheep (D:11)
  2 slime creatures (D:15)
  6 hippogriffs
  A spriggan (D:15)
  2 shadows
  A vampire (D:9)
  A water elemental (D:15)
  4 wraiths
  14 yaks
  2 humans (D:11)
  A wyvern (D:8)
  2 hungry ghosts
  A steam dragon (D:11)
  2 basilisks
  8 vampire mosquitoes
  3 wargs
  A soldier ant (D:11)
  A water moccasin (D:14)
  An acid dragon (D:12)
  Duvessa (D:7)
  16 ice beasts
  2 phantoms
  A black bear (shapeshifter) (D:15)
  34 ogres
  26 orc warriors
  3 necrophages
  5 sky beasts
  3 eyes of draining
  A wolf (shapeshifter) (D:15)
  12 centaurs
  A crocodile (D:11)
  5 bullfrogs
  6 big kobolds
  A wyvern zombie (D:6)
  2 water moccasin zombies (D:6)
  2 scorpions
  Dowan (D:7)
  8 wights
  3 killer bees
  A troll skeleton (D:11)
  2 electric eels (D:15)
  3 spriggan skeletons (D:11)
  7 howler monkeys
  5 crimson imps
  5 bullfrog zombies
  3 jellies
  12 hounds
  A gnoll shaman (D:7)
  12 orc priests
  21 orc wizards
  Ijyb (D:5)
  7 centaur skeletons
  A bullfrog skeleton (D:11)
  3 iguanas
  Natasha (thrice) (D:2)
  7 worker ants
  A killer bee zombie (D:9)
  A hound zombie (D:11)
  A worker ant zombie (D:5)
  Robin (D:2)
  7 gnolls
  12 adders
  2 shadow imps
  An adder zombie (D:5)
  A worm (D:5)
  3 dart slugs
  6 leopard geckos
  80 orcs
  9 giant cockroaches
  8 goblins
  19 hobgoblins
  2 jackals (D:1)
  29 kobolds
  A ball python (D:3)
  3 bats
  5 frilled lizards
  A leopard gecko skeleton (D:7)
  7 rats
  A plant (D:7)
603 creatures vanquished.

Vanquished Creatures (collateral kills)
  Sojobo (Depths:1)
  3 very ugly things (Depths:1)
  An ice beast (D:9)
  6 centaurs (Depths:1)
  An orc priest (D:9)
  An orc wizard (D:9)
  A gnoll (D:1)
  An orc (D:8)
  A hobgoblin (D:3)
  A frilled lizard (D:1)
  A goblin (D:3)
18 creatures vanquished.

Vanquished Creatures (others)
  A tengu reaver (Depths:1)
  A stone giant (Depths:1)
  An ice dragon (IceCv)
  3 centaur warriors
  2 centaurs
  A leopard gecko (D:2)
  A hobgoblin (D:3)
  A kobold (D:13)
11 creatures vanquished.

Grand Total: 632 creatures vanquished

Notes
Turn   | Place    | Note
-------+----------+-------------------------------------------
     0 | D:1      | Amnesiac the Deep Elf Artificer began the quest for the Orb.
     0 | D:1      | Reached XP level 1. HP: 11/11 MP: 5/5
   323 | D:1      | Reached XP level 2. HP: 12/16 MP: 6/6
   398 | D:1      | Reached skill level 4 in Evocations
   750 | D:1      | Reached XP level 3. HP: 17/20 MP: 8/8
  1171 | D:4      | Got a flickering pewter ring
  1172 | D:4      | Identified the ring of Menutessi {MR+ Str+2 SInv} (You found it on level 4 of the Dungeon)
  1241 | D:4      | Found Diott's Food Shoppe.
  1529 | D:4      | Found an opulent altar of Gozag.
  1532 | D:4      | Became a worshipper of Gozag Ym Sagoz the Greedy
  1539 | D:4      | Reached skill level 5 in Evocations
  1539 | D:4      | Reached XP level 4. HP: 17/24 MP: 9/9
  1651 | D:3      | Noticed Robin
  1701 | D:2      | HP: 1/24 [frilled lizard (3)]
  1988 | D:2      | Noticed Natasha
  2351 | D:2      | Killed Natasha
  2498 | D:2      | Noticed Natasha
  2502 | D:2      | Killed Natasha
  2502 | D:2      | Reached XP level 5. HP: 25/28 MP: 10/10
  2613 | D:1      | Learned a level 1 spell: Apportation
  2615 | D:1      | Learned a level 1 spell: Confusing Touch
  2617 | D:1      | Learned a level 1 spell: Summon Small Mammal
  2755 | D:2      | Noticed Natasha
  2780 | D:2      | Killed Natasha
  2967 | D:2      | Found a glowing golden altar of the Shining One.
  3229 | D:2      | Killed Robin
  3343 | D:3      | Reached skill level 6 in Evocations
  3400 | D:3      | Reached skill level 1 in Fighting
  3652 | D:3      | Found a shadowy altar of Dithmenos.
  4143 | D:4      | Reached XP level 6. HP: 30/34 MP: 12/12
  4436 | D:5      | Entered Level 5 of the Dungeon
  4682 | D:5      | Found Tola Kugg's Assorted Antiques.
  4686 | D:5      | Reached XP level 7. HP: 39/39 MP: 14/14
  4742 | D:5      | Reached skill level 7 in Evocations
  5453 | D:5      | Noticed Ijyb
  5507 | D:5      | Killed Ijyb
  5666 | D:6      | Reached skill level 8 in Evocations
  5694 | D:6      | Reached XP level 8. HP: 44/44 MP: 16/16
  5790 | D:6      | Reached skill level 5 in Dodging
  6019 | D:6      | Found an ancient bone altar of Kikubaaqudgha.
  6279 | D:6      | Found a burning altar of Makhleb.
  6863 | D:7      | Reached skill level 9 in Evocations
  6904 | D:7      | Found a deep blue altar of Sif Muna.
  6908 | D:7      | Found a staircase to the Ecumenical Temple.
  7521 | D:7      | Reached XP level 9. HP: 46/50 MP: 18/18
  7567 | D:7      | Noticed Duvessa
  7570 | D:7      | Noticed Dowan
  7582 | D:7      | Reached skill level 10 in Evocations
  7941 | D:7      | Killed Dowan
  7992 | D:7      | Killed Duvessa
  8644 | D:8      | Noticed a two-headed ogre
  8648 | D:8      | Noticed a swamp dragon
  8648 | D:8      | a two-headed ogre changed into a swamp dragon
  8767 | D:8      | Found a radiant altar of Vehumet.
  8817 | D:7      | Reached skill level 5 in Fighting
  8913 | D:8      | Killed a swamp dragon
  8913 | D:8      | Reached skill level 11 in Evocations
  9019 | D:8      | Learned a level 2 spell: Poisonous Vapours
  9023 | D:8      | Learned a level 3 spell: Mephitic Cloud
  9126 | D:8      | Noticed a deep elf mage
  9234 | D:8      | Noticed a two-headed ogre
  9240 | D:8      | Killed a two-headed ogre
  9240 | D:8      | Reached XP level 10. HP: 58/58 MP: 20/20
  9281 | D:8      | Noticed a gargoyle
  9289 | D:8      | Killed a gargoyle
  9289 | D:8      | Reached skill level 12 in Evocations
  9321 | D:8      | Killed a deep elf mage
  9505 | D:8      | Noticed Maurice
  9589 | D:8      | Killed Maurice
  9999 | D:9      | Reached skill level 13 in Evocations
 10075 | D:9      | Reached skill level 1 in Spellcasting
 10170 | D:9      | Reached skill level 5 in Spellcasting
 10290 | D:9      | Learned a level 3 spell: Conjure Flame
 10472 | D:9      | Noticed a two-headed ogre
 10771 | D:9      | Killed a two-headed ogre
 10771 | D:9      | Reached XP level 11. HP: 62/62 MP: 17/25
 11084 | D:10     | Entered Level 10 of the Dungeon
 11549 | D:10     | Noticed a two-headed ogre
 11563 | D:10     | Killed a two-headed ogre
 11632 | D:10     | Found a staircase to the Orcish Mines.
 11697 | D:10     | Found Bethudde's Magic Scroll Emporium.
 11714 | D:10     | Bought a scroll of teleportation for 42 gold pieces
 12004 | D:11     | Noticed an unseen horror
 12046 | D:11     | Killed an unseen horror
 12222 | D:11     | Noticed a death yak
 12237 | D:11     | Reached skill level 14 in Evocations
 12277 | D:11     | Noticed a death yak
 12277 | D:11     | Noticed a death yak
 12277 | D:11     | Noticed a death yak
 12277 | D:11     | Noticed a death yak
 12277 | D:11     | Noticed a death yak
 12391 | D:11     | Killed a death yak
 12539 | D:11     | Noticed a death yak
 12618 | D:10     | Killed a death yak
 12726 | D:10     | Reached skill level 15 in Evocations
 12835 | D:10     | Killed a death yak
 13265 | D:11     | Noticed a death yak
 13490 | Orc:1    | Entered Level 1 of the Orcish Mines
 13653 | Orc:2    | Entered Level 2 of the Orcish Mines
 13653 | Orc:2    | Found a staircase to the Elven Halls.
 13683 | Orc:2    | Noticed an orc sorcerer
 13732 | Orc:2    | Found a frozen archway.
 13763 | IceCv    | Entered an ice cave
 13871 | IceCv    | Reached XP level 12. HP: 71/71 MP: 22/27
 14536 | IceCv    | Noticed an ice dragon
 14538 | IceCv    | Noticed an ice dragon
 14561 | IceCv    | Killed an ice dragon
 14788 | Orc:2    | Noticed an orc high priest
 14802 | Orc:2    | Killed an orc high priest
 15224 | D:4      | Bought a ration for 70 gold pieces
 15224 | D:4      | Bought a ration for 70 gold pieces
 15224 | D:4      | Bought a ration for 70 gold pieces
 15224 | D:4      | Bought a ration for 70 gold pieces
 15224 | D:4      | Bought a ration for 70 gold pieces
 15224 | D:4      | Bought a ration for 70 gold pieces
 15224 | D:4      | Bought a ration for 70 gold pieces
 15224 | D:4      | Bought a ration for 70 gold pieces
 15224 | D:4      | Bought a ration for 70 gold pieces
 15224 | D:4      | Bought a ration for 70 gold pieces
 15224 | D:4      | Bought a ration for 70 gold pieces
 15224 | D:4      | Bought a ration for 70 gold pieces
 15600 | Orc:2    | Noticed a two-headed ogre
 16365 | Orc:2    | Noticed a two-headed ogre
 16406 | Orc:2    | Killed a two-headed ogre
 16835 | Orc:2    | Noticed a two-headed ogre
 16862 | Orc:2    | Killed a two-headed ogre
 17015 | Orc:2    | Noticed a two-headed ogre
 17027 | Orc:2    | Killed a two-headed ogre
 17046 | Orc:2    | Noticed a two-headed ogre
 17085 | Orc:2    | Noticed a two-headed ogre
 17104 | Orc:2    | Killed a two-headed ogre
 17130 | Orc:2    | Killed a two-headed ogre
 17261 | Orc:2    | Reached skill level 10 in Fighting
 17292 | Orc:2    | Reached skill level 10 in Dodging
 17294 | Orc:2    | Noticed an ogre mage
 17369 | Orc:2    | Killed an ogre mage
 17381 | Orc:2    | Noticed a two-headed ogre
 17445 | Orc:1    | Killed a two-headed ogre
 17445 | Orc:1    | Reached XP level 13. HP: 61/82 MP: 4/28
 18299 | Orc:2    | Found Xisyjire's Gadget Boutique.
 18300 | Orc:2    | Found Xaewu's Jewellery Boutique.
 18304 | Orc:2    | Found Uculloex's General Store.
 18311 | Orc:2    | Bought a wand of paralysis (18) for 260 gold pieces
 18313 | Orc:2    | Found Ysamn's Antique Armour Shop.
 18619 | Orc:2    | Paralysed by an ogre mage for 3 turns
 18627 | Orc:2    | Reached skill level 16 in Evocations
 20311 | Orc:1    | Found Kerph's Antique Armour Shop.
 20837 | Orc:2    | Bought a box of beasts for 260 gold pieces
 20837 | Orc:2    | Bought a wand of enslavement (15) for 221 gold pieces
 20837 | Orc:2    | Bought a wand of flame (11) for 84 gold pieces
 20837 | Orc:2    | Bought a wand of acid (9) for 338 gold pieces
 20837 | Orc:2    | Bought a wand of iceblast (10) for 182 gold pieces
 20837 | Orc:2    | Bought a crystal ball of energy for 260 gold pieces
 20842 | Orc:2    | Bought an uncursed amulet of guardian spirit for 300 gold pieces
 20848 | Orc:2    | Bought a +0 pair of gloves of dexterity for 184 gold pieces
 20858 | Orc:2    | Bought a pair of twisted boots for 285 gold pieces
 20858 | Orc:2    | Bought a pair of faintly humming gloves for 285 gold pieces
 20868 | Orc:2    | Identified the +2 pair of boots of the Armoured One {Regen+} (You bought it in a shop on level 2 of the Orcish Mines)
 20879 | Orc:2    | Identified the cursed +0 pair of gloves "Ysuvimod" {Str+5} (You bought it in a shop on level 2 of the Orcish Mines)
 20879 | Orc:2    | Bought a brightly glowing plate armour for 840 gold pieces
 20889 | Orc:2    | Identified the +10 plate armour of the Clam {+Blink rN+ Str+3} (You bought it in a shop on level 2 of the Orcish Mines)
 20900 | Orc:2    | Bought the amulet "Uluepuc" {Spirit rN+++ Str+4 Int-5} for 559 gold pieces
 21289 | D:10     | Reached skill level 1 in Armour
 22151 | D:11     | Noticed Sonja
 22167 | D:11     | Killed Sonja
 22291 | D:11     | Found a staircase to the Lair.
 22484 | D:11     | Reached skill level 5 in Armour
 22712 | D:11     | Learned a level 3 spell: Regeneration
 23724 | D:12     | Reached XP level 14. HP: 83/90 MP: 23/29
 24457 | D:13     | Got an encrusted quarterstaff
 24593 | D:13     | Found a gate to the Vaults.
 25500 | D:14     | Identified a scroll of acquirement {!r}
 25628 | D:14     | Found Qinouk's Food Boutique.
 25884 | D:14     | Found a basalt altar of Yredelemnul.
 25891 | D:14     | Noticed Agnes
 25893 | D:14     | Killed Agnes
 26311 | D:10     | Bought a scroll of blinking for 105 gold pieces
 26311 | D:10     | Bought a scroll of blinking for 105 gold pieces
 26311 | D:10     | Bought a scroll of fear for 49 gold pieces
 26311 | D:10     | Bought a scroll of enchant armour for 105 gold pieces
 26426 | D:15     | Entered Level 15 of the Dungeon
 26526 | D:15     | Reached skill level 10 in Armour
 26601 | D:15     | Found Jafy's Food Emporium.
 27542 | D:15     | Reached skill level 1 in Shields
 27562 | D:15     | Noticed an emperor scorpion
 27577 | D:15     | Noticed an entropy weaver
 27581 | D:15     | an entropy weaver changed into something unseen
 27622 | D:15     | Killed an emperor scorpion
 27627 | D:15     | Noticed an entropy weaver
 27627 | D:15     | an alligator changed into an entropy weaver
 27628 | D:15     | an entropy weaver changed into an alligator
 27648 | D:15     | Noticed a frost giant
 27648 | D:15     | a death yak changed into a frost giant
 27653 | D:15     | Noticed a stone giant
 27653 | D:15     | a frost giant changed into a stone giant
 27654 | D:15     | Noticed a quicksilver dragon
 27654 | D:15     | a stone giant changed into a quicksilver dragon
 27656 | D:15     | Noticed a shadow dragon
 27656 | D:15     | a quicksilver dragon changed into a shadow dragon
 27663 | D:15     | Noticed an iron dragon
 27663 | D:15     | a shadow dragon changed into an iron dragon
 27668 | D:15     | Noticed a titan
 27668 | D:15     | an iron dragon changed into a titan
 27858 | D:15     | Found a staircase to the Depths.
 27869 | Depths:1 | Entered Level 1 of the Depths
 27869 | Depths:1 | Found a gateway to Hell.
 27869 | Depths:1 | Noticed a stone giant
 27874 | Depths:1 | Noticed a tengu reaver
 27875 | Depths:1 | Noticed a green very ugly thing
 27876 | Depths:1 | Noticed a green very ugly thing
 27878 | Depths:1 | Noticed a green very ugly thing
 27880 | Depths:1 | Noticed Sojobo
 27880 | Depths:1 | Noticed a tengu reaver
 27887 | Depths:1 | Killed a green very ugly thing
 27890 | Depths:1 | Killed a purple very ugly thing
 27891 | Depths:1 | Killed Sojobo
 27891 | Depths:1 | Reached XP level 15. HP: 60/94 MP: 19/30
 27901 | Depths:1 | Killed a tengu reaver
 27917 | D:15     | Reached skill level 5 in Shields
 28048 | Depths:1 | Noticed the Enchantress
 28107 | D:15     | Killed the Enchantress
 28109 | D:15     | Got faerie dragon scales
 28147 | D:15     | Identified the +6 faerie dragon scales {rPois rCorr Slay+2 Stlth+} (You took it off the Enchantress on level 15 of the Dungeon)
 28336 | Depths:1 | Noticed Bai Suzhen
 28459 | D:15     | Killed Bai Suzhen
 28631 | Depths:1 | Killed from afar by a fire dragon

Vault maps used:
D:1:      roderic_octagonal_star
D:2:      tso_metal_star, first_ration, st_stairs_3, uniq_natasha
D:3:      nicolae_dithmenos_through_a_glass_darkly, uniq_robin
D:4:      kennysheep_mini_moat, serial_shops, nicolae_shop_statue_plus
D:5:      serial_shops, shop, uniq_ijyb
D:6:      lemuel_crystal_altar, marbit_many_paths
D:7:      kennysheep_housing_project, minmay_temple_entry_statues, led_sif_book,
          uniq_duvessa
D:8:      old_standard_altar, kb_rosetta, uniq_maurice
D:10:     orc_0_dummy, serial_shops, nicolae_shop_waterfront
D:11:     slaughterhouse, david_lair_generic, hangedman_fish_farm,
          hangedman_tell_no_tales, uniq_sonja
D:13:     lightli_vaults_fourway_checkpoint
D:14:     yredelemnul_altar_generic, serial_shops, shop, uniq_agnes
D:15:     gammafunk_enter_depths_forms, serial_shops, shop_fountains,
          minivault_14, hex_intersection
Orc:1:    serial_shops, nicolae_shop_crystal
Orc:2:    st_orc_open, portal_ice_cave_entry_pillars_1, rock_pile
Depths:1: serial_shops, shop, hell_entry, minmay_misc_feat_roman,
          minmay_stone_trees_small, lemuel_flamethrower_3, uniq_enchantress,
          uniq_sojobo, uniq_bai_suzhen
IceCv:    ice_cave_small_dragons

Skill      XL: |  1  2  3  4  5  6  7  8  9 10 11 12 13 14 15 |
---------------+----------------------------------------------+-----
Evocations     | 4 5 6 8 9 11 13 15 16 | 16.1
Stealth        | 2 3 |  3.0
Short Blades   | 2 3 |  3.4
Fighting       | 1 3 4 5 6 7 10 11 | 11.0
Dodging        | 3 4 6 8 10 11 | 11.0
Spellcasting   | 8 9 |  9.0
Armour         | 6 11 | 11.0
Shields        | 4 8 |  8.0

Action                   |  1- 3 |  4- 6 |  7- 9 | 10-12 | 13-15 || total
-------------------------+-------+-------+-------+-------+-------++-------
Melee: Short sword       |   125 |   234 |   518 |       |       ||   877
       Unarmed           |       |    40 |   143 |   199 |       ||   382
       Dagger            |       |       |   283 |   527 |  1481 ||  2291
       Staff             |       |       |       |    17 |    46 ||    63
       Quick blade       |       |       |       |       |    36 ||    36
Throw: Stone             |       |       |     1 |       |       ||     1
 Cast: Confusing Touch   |       |    22 |   105 |   206 |       ||   333
       Summon Small Mamm |       |       |     4 |       |       ||     4
       Conjure Flame     |       |       |       |    37 |    13 ||    50
       Mephitic Cloud    |       |       |       |    40 |    21 ||    61
       Poisonous Vapours |       |       |       |   216 |   223 ||   439
Invok: Potion Petition   |       |       |       |       |     1 ||     1
Evoke: Wand              |    12 |    21 |    21 |    73 |    82 ||   209
       Fan of gales      |       |       |       |       |     1 ||     1
       Box of beasts     |       |       |       |       |     1 ||     1
       Phantom mirror    |       |       |       |       |     1 ||     1
  Use: Potion            |     1 |     1 |     1 |     4 |     2 ||     9
       Scroll            |       |    10 |    10 |     6 |    14 ||    40
 Stab: Sleeping          |     1 |     3 |     5 |     8 |       ||    17
       Confused          |       |    14 |    70 |    52 |     3 ||   139
       Distracted        |       |       |     1 |     4 |     6 ||    11
       Betrayed ally     |       |       |     1 |       |       ||     1
       Fleeing           |       |       |       |     1 |       ||     1
       Paralysed         |       |       |       |       |    12 ||    12
       Petrified         |       |       |       |       |    11 ||    11
  Eat: Chunk             |     2 |       |       |       |       ||     2
       Ration            |       |     5 |     6 |     9 |    11 ||    31
Armor: Leather armour    |    47 |    71 |   249 |   226 |       ||   593
       Robe              |       |       |       |     4 |    13 ||    17
       Skin              |       |       |       |     4 |       ||     4
       Plate armour      |       |       |       |       |   942 ||   942
       Acid dragon scale |       |       |       |       |    35 ||    35
Dodge: Dodged            |    87 |   158 |   597 |   659 |   933 ||  2434
Block: Shield            |       |       |       |       |    56 ||    56

Table legend:
 A = Spawn XP
 B = Non-spawn XP
 C = Spawn XP percentage of total XP
 D = Spawn monster count
 E = Non-spawn monster count
 F = Spawn count percentage of total count
 G = Total turns spent on level
                    A         B        C        D         E        F      G
               +---------+---------+-------+---------+---------+-------+---------
         Total |       0 |  128055 |   0.0 |       0 |     624 |   0.0 | 28631
               +---------+---------+-------+---------+---------+-------+---------
           D:1 |       0 |      65 |   0.0 |       0 |      27 |   0.0 |  1555
           D:2 |       0 |     190 |   0.0 |       0 |      24 |   0.0 |  1086
           D:3 |       0 |      46 |   0.0 |       0 |      22 |   0.0 |   645
           D:4 |       0 |     116 |   0.0 |       0 |       6 |   0.0 |  1213
           D:5 |       0 |     896 |   0.0 |       0 |      22 |   0.0 |  1202
           D:6 |       0 |    1097 |   0.0 |       0 |      21 |   0.0 |  1478
           D:7 |       0 |    1817 |   0.0 |       0 |      55 |   0.0 |  1867
           D:8 |       0 |    4026 |   0.0 |       0 |      17 |   0.0 |  1198
           D:9 |       0 |    2849 |   0.0 |       0 |      28 |   0.0 |  1100
          D:10 |       0 |    7548 |   0.0 |       0 |      17 |   0.0 |  1774
          D:11 |       0 |   13532 |   0.0 |       0 |      60 |   0.0 |  2821
          D:12 |       0 |    6575 |   0.0 |       0 |      33 |   0.0 |  1132
          D:13 |       0 |    6925 |   0.0 |       0 |      24 |   0.0 |   982
          D:14 |       0 |    9784 |   0.0 |       0 |      33 |   0.0 |  1158
          D:15 |       0 |   34418 |   0.0 |       0 |      49 |   0.0 |  2020
         Orc:1 |       0 |    7849 |   0.0 |       0 |      77 |   0.0 |  3541
         Orc:2 |       0 |   16999 |   0.0 |       0 |      72 |   0.0 |  2828
      Depths:1 |       0 |    9263 |   0.0 |       0 |      18 |   0.0 |    98
         IceCv |       0 |    4060 |   0.0 |       0 |      19 |   0.0 |   933
               +---------+---------+-------+---------+---------+-------+---------
